[Event "Titled Tuesday Blitz June 27 Early 2023"]
[White "Mohamed Anees M"]
[Black "Antonio, Jorge Carlos"]
[WhiteFideId "35065815"]
[BlackFideId "113190"]
[WhiteElo "2617"]
[BlackElo "2278"]
[Result "0-1"]
[Round "1"]
[TimeControl "180+2"]
[Date "2023.06.27"]
[WhiteClock "0:00:00"]
[BlackClock "0:00:36"]
[Board "181"]

1. d4 d5 2. c4 c6 3. Nf3 dxc4 4. a4 Nf6 5. e3 Be6 6. Nbd2 Na6 7. Nxc4 Bd5 8. Be2 e6 9. O-O Bd6 10. Nfe5 Be7 11. f3 O-O 12. e4 Bxc4 13. Bxc4 Nb4 14. Be3 c5 15. a5 cxd4 16. Bxd4 Nc2 17. Bc3 Nxa1 18. Qxa1 Qc7 19. Bd3 Rfd8 20. Bb1 Bd6 21. f4 Qc5+ 22. Kh1 Bxe5 23. fxe5 Ng4 24. h3 Nf2+ 25. Kh2 Nd3 26. Ba2 Qe3 27. Rf3 Qxe4 28. Bb1 Qc4 29. Rg3 g6 30. Ba2 Qf4 31. b3 Nf2 32. Qf1 Rd3 33. Be1 Qxg3+ 34. Kg1 Nxh3+ 35. Kh1 Rd1 36. Bxg3 Rxf1+ 37. Kh2 Ng5 0-1


[Site "https://www.chess.com"]

[Event "Titled Tuesday Blitz June 27 Early 2023"]
[White "Georg, Heinz"]
[Black "Horobetz, Graham"]
[WhiteFideId "4607295"]
[BlackFideId "2047322"]
[WhiteElo "2278"]
[BlackElo "2615"]
[Result "1-0"]
[Round "1"]
[TimeControl "180+2"]
[Date "2023.06.27"]
[WhiteClock "0:00:16"]
[BlackClock "0:00:30"]
[Board "182"]

1. e4 c5 2. Nf3 d6 3. Bb5+ Nd7 4. O-O a6 5. Bxd7+ Bxd7 6. d4 cxd4 7. Qxd4 Nf6 8. c4 e5 9. Qd3 h6 10. Nc3 Be7 11. h3 O-O 12. Rd1 Rc8 13. b3 b5 14. cxb5 axb5 15. Bb2 b4 16. Nd5 Nxd5 17. Qxd5 Rc2 18. Rd2 Qc7 19. Rad1 Be6 20. Qd3 Rc8 21. Rxc2 Qxc2 22. Qxc2 Rxc2 23. Rd2 Rc7 24. Kf1 Ra7 25. Bc1 f5 26. exf5 Bxf5 27. Ke2 Bb1 28. Rb2 Rxa2 29. Rxa2 Bxa2 30. Nd2 Bg5 31. g3 h5 32. h4 Bh6 33. Kd3 d5 34. Kc2 Kf7 35. Kb2 Bxb3 36. Kxb3 Ke6 37. Kxb4 Kf5 38. Kc5 d4 39. Kd5 g6 40. Nb3 Bg7 41. Nd2 Bf6 42. Ne4 Bg7 43. Bg5 Bh8 44. f3 Bg7 45. Nd6# 1-0


[Site "https://www.chess.com"]

[Event "Titled Tuesday Blitz June 27 Early 2023"]
[White "Elgersma, Onno"]
[Black "Zaichenko, Daria"]
[WhiteFideId "1053531"]
[BlackFideId "4197453"]
[WhiteElo "2615"]
[BlackElo "2268"]
[Result "1-0"]
[Round "1"]
[TimeControl "180+2"]
[Date "2023.06.27"]
[WhiteClock "0:01:40"]
[BlackClock "0:00:43"]
[Board "183"]

1. Nf3 d5 2. b3 c5 3. Bb2 Nc6 4. e3 Nf6 5. Bb5 Bd7 6. O-O Rc8 7. d3 a6 8. Bxc6 Bxc6 9. Ne5 e6 10. Nd2 Bd6 11. a4 O-O 12. a5 Qc7 13. f4 Nd7 14. Nxc6 Qxc6 15. Qf3 e5 16. f5 Rce8 17. e4 f6 18. exd5 Qc7 19. Ne4 Rf7 20. g4 Nf8 21. h4 Be7 22. Bc1 Qd7 23. Be3 Rc8 24. Kg2 Kh8 25. c4 g6 26. h5 g5 27. h6 Qe8 28. d6 Bd8 29. Bxc5 Nd7 30. Be3 Qf8 31. c5 Qxh6 32. Rh1 Qg7 33. b4 Nb8 34. Bd2 Nc6 35. Bc3 Nd4 36. Bxd4 exd4 37. Nd2 Rf8 38. Nb3 Re8 39. Nxd4 Qf7 40. Ne6 Rxe6 41. fxe6 Qxe6 42. Qe4 Qf7 43. Rxh7+ Qxh7 44. Rh1 Qxh1+ 45. Kxh1 Kg7 46. Qxb7+ 1-0


[Site "https://www.chess.com"]

[Event "Titled Tuesday Blitz June 27 Early 2023"]
[White "Rodriguez Santiago, Jaime"]
[Black "robertoalejandro10"]
[WhiteFideId "3100898"]
[WhiteElo "2267"]
[BlackElo "2615"]
[Result "1/2-1/2"]
[Round "1"]
[TimeControl "180+2"]
[Date "2023.06.27"]
[WhiteClock "0:00:06"]
[BlackClock "0:00:04"]
[Board "184"]

1. d4 Nf6 2. c4 g6 3. Nc3 c5 4. d5 d6 5. e4 Bg7 6. h3 O-O 7. Nf3 Na6 8. Bd3 Nc7 9. O-O Bd7 10. a4 Rb8 11. Bf4 a6 12. Qd2 b5 13. e5 Nfe8 14. Rfe1 bxc4 15. Bxc4 Rb4 16. b3 Rb6 17. Bh6 e6 18. Bxg7 Kxg7 19. dxe6 Bxe6 20. Rad1 Qc8 21. exd6 Rxd6 22. Qe2 Rxd1 23. Rxd1 Bxc4 24. Qxc4 Ne6 25. Ne4 Qc6 26. Ne5 Qc7 27. Nd7 Kg8 28. Nxf8 Kxf8 29. Rc1 Nd6 30. Nxd6 Qxd6 31. Qe2 Nd4 32. Qc4 Qe5 33. Kf1 Qg5 34. Qxc5+ Qxc5 35. Rxc5 Nxb3 36. Rc6 a5 37. Rb6 Nc5 38. Rb5 Nxa4 39. Rxa5 Nc3 40. Ra7 Ne4 41. f3 Ng5 42. Kf2 Ne6 43. g4 Kg7 44. Kg3 h6 45. f4 Kf6 46. h4 Nc5 47. Rc7 Ne4+ 48. Kf3 Nd6 49. Rc6 Ke7 50. Rc7+ Ke6 51. h5 gxh5 52. gxh5 Nb5 53. Rc8 Nd4+ 54. Kg4 Nf5 55. Rh8 Kf6 56. Ra8 Ne3+ 57. Kf3 Nf5 58. Ra6+ Kg7 59. Ke4 Ng3+ 60. Ke5 Nxh5 61. f5 Ng3 62. f6+ Kg6 63. Ra4 h5 64. Rh4 Kg5 65. Rh2 h4 66. Ra2 Kg4 67. Ra7 h3 68. Rxf7 h2 69. Rg7+ Kh4 70. f7 h1=Q 71. Rh7+ Nh5 72. f8=Q Qe1+ 73. Kd5 Qd2+ 74. Ke6 Qe3+ 75. Kd7 Qd3+ 76. Ke8 Qxh7 77. Qe7+ Kg4 78. Qxh7 Nf6+ 79. Kf7 Nxh7 1/2-1/2


[Site "https://www.chess.com"]

[Event "Titled Tuesday Blitz June 27 Early 2023"]
[White "ATM622"]
[Black "Acikel, Mert"]
[BlackFideId "12956465"]
[WhiteElo "2614"]
[BlackElo "2267"]
[Result "1/2-1/2"]
[Round "1"]
[TimeControl "180+2"]
[Date "2023.06.27"]
[WhiteClock "0:00:11"]
[BlackClock "0:00:06"]
[Board "185"]

1. d4 d5 2. c4 e6 3. Nf3 Nf6 4. Nbd2 Be7 5. Qc2 Nbd7 6. g3 O-O 7. Bg2 b6 8. O-O Bb7 9. b3 c5 10. Bb2 Rc8 11. Rac1 Qc7 12. Rfd1 Qb8 13. Qb1 Rfd8 14. cxd5 exd5 15. e3 a6 16. h4 h6 17. Bh3 Rc6 18. Ne5 Nxe5 19. dxe5 Nd7 20. Nf3 Nf8 21. Bg2 Bc8 22. Nd4 Rc7 23. Ne2 Be6 24. Nc3 Rcd7 25. Ne2 Ng6 26. Nf4 Nxf4 27. exf4 d4 28. Qd3 b5 29. f5 c4 30. Qe4 Bd5 31. Qg4 Bxg2 32. f6 Bf8 33. e6 fxe6 34. Qxe6+ Rf7 35. Kxg2 c3 36. Ba1 Qc8 37. Qxc8 Rxc8 38. Rxd4 Rxf6 39. Rxc3 Rxc3 40. Bxc3 Rc6 41. Rd3 Bd6 42. Kf3 Kf7 43. Ke4 Be7 44. Ke3 Re6+ 45. Kd2 Bf6 46. Bxf6 Kxf6 47. Rd5 Rc6 48. h5 Re6 49. Kd3 Rc6 50. Kd2 Re6 51. Rc5 Rd6+ 52. Kc2 Re6 53. Rd5 Rc6+ 54. Kd2 1/2-1/2


[Site "https://www.chess.com"]

[Event "Titled Tuesday Blitz June 27 Early 2023"]
[White "Sarkar, Justin"]
[Black "Yurovskykh, Oleksandr"]
[WhiteFideId "2010011"]
[BlackFideId "14134020"]
[WhiteElo "2263"]
[BlackElo "2614"]
[Result "0-1"]
[Round "1"]
[TimeControl "180+2"]
[Date "2023.06.27"]
[WhiteClock "0:00:00"]
[BlackClock "0:01:01"]
[Board "186"]

1. d4 d5 2. c4 e6 3. Nc3 Nf6 4. Bg5 Be7 5. e3 Nbd7 6. Nf3 h6 7. Bh4 O-O 8. Rc1 c6 9. Qc2 b6 10. Bd3 Bb7 11. O-O c5 12. cxd5 Nxd5 13. Bxe7 Qxe7 14. Nxd5 Bxd5 15. e4 Bb7 16. Qe2 cxd4 17. Nxd4 Nc5 18. Bb1 Rfd8 19. Nb5 a6 20. Nc3 e5 21. Rfd1 Qg5 22. Nd5 Bxd5 23. exd5 a5 24. Qe3 Qxe3 25. fxe3 e4 26. Rd4 f5 27. d6 h5 28. Rd5 g6 29. a3 a4 30. Ba2 Kg7 31. Bc4 Kf6 32. Rcd1 Ra7 33. Bb5 Nd7 34. Bxd7 Raxd7 35. Kf1 Ke6 0-1


[Site "https://www.chess.com"]

[Event "Titled Tuesday Blitz June 27 Early 2023"]
[White "Cezila Jr, Rubens"]
[Black "Bolanos, Fernando"]
[WhiteFideId "2116723"]
[BlackFideId "3304094"]
[WhiteElo "2614"]
[BlackElo "2262"]
[Result "1-0"]
[Round "1"]
[TimeControl "180+2"]
[Date "2023.06.27"]
[WhiteClock "0:00:48"]
[BlackClock "0:00:22"]
[Board "187"]

1. c4 e6 2. Nc3 Nf6 3. e3 d5 4. Nf3 Be7 5. b3 O-O 6. Bb2 c5 7. cxd5 Nxd5 8. Bc4 Nc6 9. O-O Bf6 10. Rc1 b6 11. a3 Bb7 12. Qc2 Nce7 13. Rfd1 Rc8 14. Qb1 a6 15. Be2 Qc7 16. d4 Nxc3 17. Bxc3 Nd5 18. Bb2 cxd4 19. Rxc7 Rxc7 20. Nxd4 Nc3 21. Bxc3 Rxc3 22. Bd3 Rfc8 23. Ne2 R3c5 24. Rc1 Rxc1+ 25. Nxc1 b5 26. Bxh7+ Kh8 27. Bd3 g6 28. Ne2 Kg7 29. Be4 Bxe4 30. Qxe4 Rd8 31. g4 Rd2 32. Nd4 Ra2 33. a4 bxa4 34. bxa4 a5 35. Nc6 Bh4 36. Qf4 Rc2 37. Nxa5 f6 38. Nb3 e5 39. Qf3 Rb2 40. Nc5 Rc2 41. Ne4 Ra2 42. Qd1 f5 43. gxf5 gxf5 44. Qd7+ Kh8 45. Qxf5 Rxa4 46. Qh5+ Kg8 47. Qxh4 Kf7 48. Qf6+ Ke8 49. Qxe5+ Kd7 50. Qd6+ Kc8 51. Qc6+ Kb8 52. Qxa4 Kb7 53. Qc4 Kb6 54. Qc5+ Kb7 55. Qd6 Ka7 56. Qb4 Ka8 57. Nc5 Ka7 58. Qb7# 1-0


[Site "https://www.chess.com"]

[Event "Titled Tuesday Blitz June 27 Early 2023"]
[White "Rosh Jain"]
[Black "De La Villa Garcia, Jesus Maria"]
[WhiteFideId "25789465"]
[BlackFideId "2200040"]
[WhiteElo "2260"]
[BlackElo "2612"]
[Result "1-0"]
[Round "1"]
[TimeControl "180+2"]
[Date "2023.06.27"]
[WhiteClock "0:00:18"]
[BlackClock "0:00:12"]
[Board "188"]

1. e4 c6 2. Nc3 d5 3. Nf3 dxe4 4. Nxe4 Nf6 5. Qe2 Na6 6. Nxf6+ gxf6 7. d4 Qd5 8. c3 Bg4 9. Qd3 Bxf3 10. Qxf3 Qxf3 11. gxf3 Nc7 12. Bf4 O-O-O 13. Bh3+ e6 14. O-O-O Bd6 15. Bg3 h5 16. Bh4 Bf4+ 17. Kb1 Bg5 18. Bxg5 fxg5 19. Rde1 Rdg8 20. Re5 Rg6 21. Rhe1 Kd7 22. c4 Kd6 23. Kc2 a6 24. Kc3 b5 25. b3 g4 26. Bg2 h4 27. f4 g3 28. fxg3 hxg3 29. h3 Rf6 30. Rf1 Rh4 31. Re4 Ne8 32. Kd3 Ng7 33. Ke3 Nf5+ 34. Kf3 Rh8 35. c5+ Kd7 36. Rg1 Kc7 37. Ke2 Rfh6 38. Kd3 Rd8 39. Kc3 Rg8 40. Re2 Nh4 41. Be4 Rf6 42. Rf1 g2 43. Rg1 Rxf4 44. Bxg2 Rf5 45. Kb4 Rfg5 46. Rf1 Nf5 47. Bh1 R8g7 48. Ref2 Rh5 49. Be4 Nh6 50. Rf3 f5 51. Bd3 Rh4 52. Kc3 Rd7 53. Rf4 Rxh3 54. R1f3 Rxf3 55. Rxf3 Nf7 56. Re3 Re7 57. Bxf5 e5 58. dxe5 Nxe5 59. Kd4 Nf3+ 60. Rxf3 Re2 61. a3 Ra2 62. b4 Rd2+ 63. Rd3 Ra2 64. Be4 Rh2 65. Kc3 Rh4 66. Bf3 Rh2 67. Rd6 Rh3 68. Rxc6+ Kd7 69. Rf6 Kc7 70. Kb2 Rh2+ 71. Kc3 Rh3 72. Kd4 Rh4+ 73. Be4 Rh3 74. Rf3 Rh4 75. Rf7+ Kc8 76. Kd5 Rh5+ 77. Bf5+ Kb8 78. c6 Ka8 79. c7 Rh8 80. c8=Q+ Rxc8 81. Bxc8 a5 82. Kc6 a4 83. Ba6 Kb8 84. Kb6 1-0


[Site "https://www.chess.com"]

[Event "Titled Tuesday Blitz June 27 Early 2023"]
[White "Domingo Nunez, Alejandro"]
[Black "De Souza, Cristiano Gomes"]
[WhiteFideId "22245561"]
[BlackFideId "2151758"]
[WhiteElo "2608"]
[BlackElo "2260"]
[Result "1-0"]
[Round "1"]
[TimeControl "180+2"]
[Date "2023.06.27"]
[WhiteClock "0:00:46"]
[BlackClock "0:00:47"]
[Board "189"]

1. Nf3 Nf6 2. g3 g6 3. b3 Bg7 4. Bb2 O-O 5. Bg2 d5 6. c4 dxc4 7. bxc4 Na6 8. O-O c6 9. d4 Be6 10. Nbd2 Qc7 11. e4 Rfd8 12. h3 h6 13. d5 Bc8 14. Rc1 Nc5 15. Qc2 Ne8 16. Bxg7 Nxg7 17. Rfe1 Bd7 18. Qc3 Be8 19. Qe3 b6 20. Qxh6 Nd3 21. Ng5 e6 22. Qh7+ Kf8 23. Qh8+ Ke7 24. Qxg7 Nxe1 25. Nxe6 Qd6 26. Rxe1 Bd7 27. e5 1-0


[Site "https://www.chess.com"]

[Event "Titled Tuesday Blitz June 27 Early 2023"]
[White "Zampronha, Wladimir Camilo"]
[Black "Asavasaetakul, Chawit"]
[WhiteFideId "2103087"]
[BlackFideId "6204856"]
[WhiteElo "2259"]
[BlackElo "2608"]
[Result "0-1"]
[Round "1"]
[TimeControl "180+2"]
[Date "2023.06.27"]
[WhiteClock "0:00:10"]
[BlackClock "0:01:06"]
[Board "190"]

1. e4 d5 2. exd5 Nf6 3. c4 c6 4. d4 cxd5 5. Nc3 Nc6 6. Nf3 Bg4 7. cxd5 Nxd5 8. Qb3 Bxf3 9. gxf3 e6 10. Qxb7 Nxd4 11. Bb5+ Nxb5 12. Qc6+ Ke7 13. Qxb5 Nxc3 14. bxc3 Rb8 15. Qa6 Qb6 16. Qxb6 Rxb6 17. Be3 Ra6 18. Ke2 Kd7 19. Rhb1 Kc8 20. Rb5 Bd6 21. h3 Kc7 22. Rab1 Rxa2+ 23. Kf1 Kc6 24. Rb7 Bc7 25. Rxa7 Rxa7 26. Bxa7 Ra8 27. Bd4 e5 28. Be3 Ra2 29. Rb3 f5 30. Kg2 f4 31. Bc1 Rc2 32. Ba3 Bb6 33. Rb2 Rxc3 34. Bf8 g6 35. Bg7 Bd4 36. Ra2 Rb3 37. Re2 Kd5 38. Ra2 g5 39. Rc2 h5 40. Ra2 Ke6 41. Bf8 Kf5 42. Ba3 g4 43. hxg4+ hxg4 44. fxg4+ Kxg4 45. f3+ Rxf3 46. Bd6 Rg3+ 47. Kh2 Rh3+ 48. Kg2 f3+ 49. Kf1 Rh1# 0-1


[Site "https://www.chess.com"]

[Event "Titled Tuesday Blitz June 27 Early 2023"]
[White "Vdovin, Vadim"]
[Black "EdmundPlayer"]
[WhiteFideId "24107158"]
[WhiteElo "2607"]
[BlackElo "2252"]
[Result "1-0"]
[Round "1"]
[TimeControl "180+2"]
[Date "2023.06.27"]
[WhiteClock "0:00:05"]
[BlackClock "0:00:00"]
[Board "191"]

1. e4 e6 2. d4 d5 3. Nc3 Bb4 4. e5 c5 5. a3 Bxc3+ 6. bxc3 Ne7 7. Qg4 Qc7 8. Bd3 c4 9. Be2 Nf5 10. a4 Nc6 11. Nf3 Nce7 12. h4 Bd7 13. h5 O-O-O 14. Qf4 h6 15. g4 g5 16. Qh2 Ng7 17. Ba3 Ng8 18. Kd2 Bxa4 19. Bd6 Qc6 20. Rhb1 b5 21. Qg3 Ne8 22. Bc5 Rd7 23. Nh2 a5 24. Nf1 Nc7 25. Ne3 Na6 26. Bd6 f6 27. f4 fxe5 28. fxe5 Rf7 29. Rf1 Rhh7 30. Rxf7 Rxf7 31. Rf1 Qe8 32. Rf3 b4 33. Nxc4 dxc4 34. Bxc4 Bc6 35. Bxa6+ Kd7 36. Rxf7+ Qxf7 37. Be2 Ne7 38. Bxe7 Kxe7 39. Qd3 Qf4+ 40. Ke1 bxc3 41. Qxc3 Qe4 42. Kd2 Qf4+ 43. Ke1 Qe4 44. Qc5+ Kf7 45. Kd2 Qf4+ 46. Kc3 Qe3+ 47. Bd3 Be4 48. Qxa5 Bxd3 49. Qa7+ Ke8 50. cxd3 Qc1+ 51. Kb4 Qb2+ 52. Kc5 Qc3+ 53. Kd6 Qb4+ 54. Kxe6 1-0


[Site "https://www.chess.com"]

[Event "Titled Tuesday Blitz June 27 Early 2023"]
[White "Fudalej, Michal"]
[Black "Colas, Joshua"]
[WhiteFideId "1118781"]
[BlackFideId "2044447"]
[WhiteElo "2251"]
[BlackElo "2607"]
[Result "0-1"]
[Round "1"]
[TimeControl "180+2"]
[Date "2023.06.27"]
[WhiteClock "0:00:09"]
[BlackClock "0:01:03"]
[Board "192"]

1. Nf3 Nf6 2. g3 g6 3. Bg2 Bg7 4. c4 O-O 5. Nc3 c5 6. d4 cxd4 7. Nxd4 Nc6 8. c5 Nxd4 9. Qxd4 d6 10. cxd6 Ne8 11. Qh4 Nxd6 12. O-O h5 13. Bg5 f6 14. Be3 Bg4 15. Rfd1 g5 16. Bxg5 fxg5 17. Qxg5 Qb6 18. e3 Qxb2 19. Bd5+ Kh8 20. Qxe7 Qxf2+ 21. Kh1 Nf5 22. Qxb7 Nxe3 23. Re1 Nxd5 0-1


[Site "https://www.chess.com"]

[Event "Titled Tuesday Blitz June 27 Early 2023"]
[White "MKlose11"]
[Black "Abrosimov, Vladimir"]
[BlackFideId "4166892"]
[WhiteElo "2607"]
[BlackElo "2246"]
[Result "1-0"]
[Round "1"]
[TimeControl "180+2"]
[Date "2023.06.27"]
[WhiteClock "0:00:27"]
[BlackClock "0:00:51"]
[Board "193"]

1. e4 c5 2. Nc3 d6 3. g3 e6 4. Bg2 Ne7 5. d3 g6 6. Be3 Bg7 7. Qd2 b6 8. Bh6 O-O 9. h4 f6 10. Bxg7 Kxg7 11. h5 g5 12. e5 d5 13. exf6+ Kxf6 14. f4 g4 15. O-O-O Nf5 16. Nge2 Bb7 17. d4 c4 18. Rde1 a6 19. Kb1 Nc6 20. Nd1 Qd7 21. Ne3 h6 22. Nxg4+ Kg7 23. Ne5 Nxe5 24. fxe5 Kh7 25. Bh3 Qg7 26. Bxf5+ Rxf5 27. Nf4 Bc8 28. Reg1 a5 29. g4 Rg5 30. Qe2 Bd7 31. Nh3 Rf8 32. Nxg5+ Qxg5 33. a3 Rf4 34. Qe3 Rf1+ 35. Rxf1 Qxe3 36. Rf7+ Kg8 37. Rxd7 Qxd4 38. g5 Qf4 39. g6 Qf3 40. Rg1 Qxh5 41. g7 Qe8 42. Ra7 h5 43. Rf1 Qb8 44. Rf8+ Qxf8 45. gxf8=Q+ Kxf8 46. Rh7 Ke8 47. Rxh5 Kd7 48. a4 Kc6 49. Rh6 Kd7 50. Rh7+ Kc6 51. c3 d4 52. cxd4 Kd5 53. Rb7 Kxd4 54. Rxb6 Kxe5 55. Rb5+ Kd4 56. Rxa5 e5 57. Kc2 e4 58. Ra8 e3 59. Re8 Kc5 60. Rxe3 Kb4 61. Ra3 Ka5 62. Kc3 1-0


[Site "https://www.chess.com"]

[Event "Titled Tuesday Blitz June 27 Early 2023"]
[White "Marchesich, Giovanni"]
[Black "Spata, German"]
[WhiteFideId "2824790"]
[BlackFideId "113026"]
[WhiteElo "2241"]
[BlackElo "2604"]
[Result "0-1"]
[Round "1"]
[TimeControl "180+2"]
[Date "2023.06.27"]
[WhiteClock "0:01:10"]
[BlackClock "0:00:17"]
[Board "194"]

1. b3 e6 2. Bb2 Nf6 3. Nf3 d5 4. e3 Be7 5. c4 O-O 6. Nc3 b6 7. Be2 Bb7 8. Qc2 dxc4 9. bxc4 c5 10. Rg1 Nc6 11. g4 Nb4 12. Qb1 a6 13. a3 Nc6 14. g5 Nd7 15. Ne4 e5 16. Qc2 Kh8 17. O-O-O b5 18. cxb5 axb5 19. Bxb5 Qb6 20. Bc4 Na5 21. Ba2 c4 22. Nxe5 Nxe5 23. Bxe5 Bxa3+ 24. Bb2 Bxe4 25. Qc3 Qxb2+ 26. Qxb2 Bxb2+ 27. Kxb2 Rfb8+ 28. Kc3 Bd3 29. Rg4 Kg8 30. Rd4 Nb3 31. Rd7 Rxa2 32. f4 Rc2# 0-1


[Site "https://www.chess.com"]

[Event "Titled Tuesday Blitz June 27 Early 2023"]
[White "Piesik, Piotr"]
[Black "Mishra, Manoj"]
[WhiteFideId "1136194"]
[BlackFideId "5006007"]
[WhiteElo "2603"]
[BlackElo "2234"]
[Result "1-0"]
[Round "1"]
[TimeControl "180+2"]
[Date "2023.06.27"]
[WhiteClock "0:02:23"]
[BlackClock "0:02:06"]
[Board "195"]

1. Nf3 Nf6 2. g3 g6 3. Bg2 Bg7 4. O-O O-O 5. d4 d6 6. Nbd2 Nc6 7. e4 e5 8. dxe5 dxe5 9. c3 Bg4 10. Qc2 Qd7 11. Nc4 Qe6 12. Ne3 Bh3 13. Ng5 Bxg2 14. Nxe6 Bxf1 15. Nxf8 Bh3 16. Nxh7 Nxh7 17. Nd5 Ng5 18. Bxg5 1-0


[Site "https://www.chess.com"]

[Event "Titled Tuesday Blitz June 27 Early 2023"]
[White "SicilianPanzer"]
[Black "Ibadov, Dashgyn"]
[BlackFideId "24107514"]
[WhiteElo "2233"]
[BlackElo "2602"]
[Result "1-0"]
[Round "1"]
[TimeControl "180+2"]
[Date "2023.06.27"]
[WhiteClock "0:00:05"]
[BlackClock "0:01:05"]
[Board "196"]

1. e4 e6 2. d4 d5 3. Nc3 Nf6 4. exd5 exd5 5. Bd3 c5 6. Nf3 c4 7. Be2 Nc6 8. O-O Be7 9. b3 cxb3 10. axb3 O-O 11. Nb5 Bf5 12. Ba3 a6 13. Bxe7 Qxe7 14. Nc3 Rac8 15. Re1 Qd6 16. Na4 Nb4 17. Rc1 Nxc2 18. Rf1 Nb4 19. Qd2 Ne4 20. Qb2 h6 21. Ne5 f6 22. Ng4 Bxg4 23. Bxg4 Rxc1 24. Qxc1 f5 25. Bf3 Kh7 26. Nc5 Nxc5 27. dxc5 Qc6 28. Rd1 Rc8 29. Qf4 Qf6 30. Qxb4 Rc7 31. g3 Rd7 32. Rxd5 Re7 33. Rd1 Qb2 34. Bxb7 a5 35. Qf4 Qc2 36. Bf3 Re4 37. Qxf5+ g6 38. Qf7+ 1-0


[Site "https://www.chess.com"]

[Event "Titled Tuesday Blitz June 27 Early 2023"]
[White "Poormosavi, Seyed Kian"]
[Black "Andreassen, Lars"]
[WhiteFideId "12585807"]
[BlackFideId "1504878"]
[WhiteElo "2602"]
[BlackElo "2228"]
[Result "1-0"]
[Round "1"]
[TimeControl "180+2"]
[Date "2023.06.27"]
[WhiteClock "0:01:28"]
[BlackClock "0:00:15"]
[Board "197"]

1. Nf3 d5 2. g3 Nf6 3. Bg2 g6 4. O-O Bg7 5. d4 O-O 6. c3 Bf5 7. Bf4 Bxb1 8. Rxb1 Nbd7 9. Re1 c6 10. Ne5 Nxe5 11. Bxe5 Ne8 12. Bxg7 Nxg7 13. e4 dxe4 14. Bxe4 e6 15. a4 a5 16. Kg2 Qd6 17. Qb3 Qc7 18. h4 h5 19. Bd3 Rfd8 20. Re5 Rd5 21. Rbe1 Rxe5 22. Rxe5 b6 23. Be2 Rd8 24. Qc4 Rd5 25. Re3 Nf5 26. Rd3 Qd7 27. Bf3 Rd6 28. Be4 Ne7 29. Qa6 Qc7 30. Rf3 Kg7 31. Qe2 Ng8 32. Bc2 Nf6 33. Qe5 Qe7 34. Bb3 Qd8 35. Rf4 Qe7 36. g4 hxg4 37. h5 Qd8 38. h6+ Kxh6 39. Rxf6 c5 40. Rxf7 cxd4 41. Qf4+ g5 42. Qxg4 Qa8+ 43. f3 Kg6 44. Bxe6 1-0


[Site "https://www.chess.com"]

[Event "Titled Tuesday Blitz June 27 Early 2023"]
[White "Coelho, Ramyres Santana"]
[Black "Williams, Simon K"]
[WhiteFideId "2120690"]
[BlackFideId "404454"]
[WhiteElo "2224"]
[BlackElo "2602"]
[Result "0-1"]
[Round "1"]
[TimeControl "180+2"]
[Date "2023.06.27"]
[WhiteClock "0:00:20"]
[BlackClock "0:00:08"]
[Board "198"]

1. e4 c5 2. Nf3 d6 3. d4 cxd4 4. Nxd4 Nf6 5. Nc3 g6 6. f4 Nc6 7. Nxc6 bxc6 8. e5 Nd7 9. exd6 exd6 10. Qe2+ Be7 11. g3 O-O 12. Bg2 Bf6 13. O-O d5 14. Qf3 Rb8 15. Na4 Qa5 16. Nc3 Re8 17. Kh1 Nc5 18. a3 Qa6 19. b4 Ne4 20. Bb2 Nd2 21. Qf2 Nxf1 22. Bxf1 Qb6 23. Qf3 Bf5 24. g4 Re3 25. Qf2 Bxc3 26. Bxc3 Be4+ 27. Bg2 Rxc3 28. Qxb6 axb6 29. Bxe4 dxe4 30. Re1 e3 31. Re2 Rxa3 32. Kg2 Re8 33. Kf3 Rc3 34. h4 f5 35. gxf5 gxf5 36. h5 Kf7 37. h6 Kf6 38. Kg3 Re4 39. Kh4 Rxf4+ 40. Kh5 Rcc4 41. Rh2 e2 42. b5 e1=R 43. bxc6 Ree4 44. c7 Rh4+ 45. Rxh4 Rxh4# 0-1


[Site "https://www.chess.com"]

[Event "Titled Tuesday Blitz June 27 Early 2023"]
[White "Ovchinnikov, Vsevolod"]
[Black "Clawitter, Craig"]
[WhiteFideId "24176842"]
[BlackFideId "2023105"]
[WhiteElo "2602"]
[BlackElo "2212"]
[Result "1-0"]
[Round "1"]
[TimeControl "180+2"]
[Date "2023.06.27"]
[WhiteClock "0:00:15"]
[BlackClock "0:00:08"]
[Board "199"]

1. d4 e6 2. c4 Nf6 3. g3 d5 4. Bg2 Be7 5. Nf3 O-O 6. Nc3 dxc4 7. Ne5 Nc6 8. Bxc6 bxc6 9. Nxc6 Qe8 10. Nxe7+ Qxe7 11. Qa4 e5 12. dxe5 Qxe5 13. Bf4 Qh5 14. O-O-O Be6 15. f3 Qc5 16. Qb5 Qb6 17. Rd2 a6 18. Qe5 Rfc8 19. Be3 Qb7 20. Rhd1 Rab8 21. g4 Qb4 22. Qc5 Qb7 23. Bd4 Ne8 24. h4 Nd6 25. h5 h6 26. Qe5 Ne8 27. Bc5 Qc6 28. Be3 Rb5 29. Nxb5 axb5 30. Qc5 Qb7 31. a3 Nd6 32. Bf4 Rd8 33. Bxd6 cxd6 34. Rxd6 Rc8 35. Rd8+ Rxd8 36. Rxd8+ Kh7 37. Qf8 Qd5 38. Qh8# 1-0


[Site "https://www.chess.com"]

[Event "Titled Tuesday Blitz June 27 Early 2023"]
[White "Larina, Maria"]
[Black "HamedWafa4"]
[WhiteFideId "24113182"]
[WhiteElo "2212"]
[BlackElo "2601"]
[Result "0-1"]
[Round "1"]
[TimeControl "180+2"]
[Date "2023.06.27"]
[WhiteClock "0:00:02"]
[BlackClock "0:01:00"]
[Board "200"]

1. e4 e5 2. Nf3 Nc6 3. Nc3 Nf6 4. Bb5 Bb4 5. O-O O-O 6. d3 Bxc3 7. bxc3 d6 8. Nd2 Ne7 9. d4 Ng6 10. dxe5 dxe5 11. Ba3 Ne7 12. Qe2 c6 13. Bc4 b6 14. Rad1 c5 15. Nf3 Qc7 16. h3 Ng6 17. Bc1 Nh5 18. Kh2 Nhf4 19. Qe3 Be6 20. Bxe6 Nxe6 21. Ng5 Rad8 22. g3 c4 23. Rd5 Ne7 24. Rdd1 Nc5 25. Qf3 h6 26. Qh5 hxg5 27. Bxg5 Rxd1 28. Rxd1 Ng6 29. Rd5 Nxe4 30. Qf3 Nxg5 0-1


[Site "https://www.chess.com"]

[Event "Titled Tuesday Blitz June 27 Early 2023"]
[White "Ingebretsen, Jens E"]
[Black "Quirke, Jeffrey"]
[WhiteFideId "1522965"]
[BlackFideId "2013029"]
[WhiteElo "2600"]
[BlackElo "2212"]
[Result "1-0"]
[Round "1"]
[TimeControl "180+2"]
[Date "2023.06.27"]
[WhiteClock "0:00:40"]
[BlackClock "0:00:00"]
[Board "201"]

1. d4 e6 2. c4 b6 3. Nc3 Bb7 4. e4 Bb4 5. f3 f5 6. Bd3 Nh6 7. Bxh6 Qh4+ 8. Kd2 Qxh6+ 9. Kc2 Nc6 10. Nge2 fxe4 11. Bxe4 O-O 12. a3 Be7 13. Qd3 Bf6 14. h4 Rad8 15. g4 Be7 16. g5 Qh5 17. Ng3 Qe8 18. Bxh7+ Kh8 19. Bg6 Rf7 20. f4 Qf8 21. f5 exf5 22. Raf1 f4 23. Nh5 f3 24. Kb1 Rf4 25. Nxf4 Qxf4 26. Nd5 Qxd4 27. Qxd4 Nxd4 28. Nxe7 f2 29. Rh2 1-0


[Site "https://www.chess.com"]

[Event "Titled Tuesday Blitz June 27 Early 2023"]
[White "Balint, Vilmos"]
[Black "Gubajdullin, Alexei"]
[WhiteFideId "718050"]
[BlackFideId "4141202"]
[WhiteElo "2207"]
[BlackElo "2598"]
[Result "1/2-1/2"]
[Round "1"]
[TimeControl "180+2"]
[Date "2023.06.27"]
[WhiteClock "0:00:36"]
[BlackClock "0:00:17"]
[Board "202"]

1. d4 f5 2. g3 Nf6 3. Bg2 g6 4. b3 Bg7 5. Bb2 O-O 6. Nf3 d6 7. O-O Qe8 8. c4 Na6 9. Qd2 Ne4 10. Qc1 h6 11. Nbd2 Nxd2 12. Qxd2 g5 13. Rfe1 Qg6 14. a3 c6 15. Qc2 Nc7 16. e4 fxe4 17. Qxe4 Qxe4 18. Rxe4 Rf7 19. Rae1 Kf8 20. h4 g4 21. Nh2 h5 22. f3 Bf5 23. Rf4 Bh6 24. Rxf5 Rxf5 25. fxg4 hxg4 26. Nxg4 Bg7 27. Be4 Rf7 28. Kg2 e6 29. Bg6 Re7 30. h5 c5 31. Rf1+ Kg8 32. Nf6+ Bxf6 33. Rxf6 Rf8 34. dxc5 dxc5 35. h6 Rxf6 36. Bxf6 Rd7 37. Be5 Na8 38. g4 Nb6 39. g5 Re7 40. Be4 Nd7 41. Bg7 Rxg7 42. hxg7 b6 43. Kg3 Kxg7 44. Kf4 Kf7 45. Bc6 Nf8 46. Ke5 Ke7 47. Be4 Nd7+ 48. Kf4 Nf8 49. a4 a5 50. Ke5 Nd7+ 51. Kf4 Nf8 52. Bb1 Nd7 53. Bg6 Nf8 54. Bh5 Nd7 55. Ke4 Nb8 56. Kf4 Nc6 57. Bd1 Nd4 58. Ke5 Nc6+ 59. Ke4 Nd4 60. Ke5 Nc6+ 61. Kf4 Nd4 62. Ke4 Nc6 63. Bc2 Kf7 64. Bd1 Kg6 65. Bg4 Nd4 66. Ke5 Kxg5 67. Bxe6 Nxb3 68. Kd6 Nd4 69. Bd5 Ne2 70. Kc6 Nc3 71. Kxb6 Nxa4+ 72. Kxa5 Nb2 73. Kb5 Nxc4 74. Kxc4 Kf4 75. Bc6 Ke5 76. Bb5 Kd6 77. Ba4 Kc7 78. Bb3 Kd6 79. Bc2 Kc7 80. Bd3 Kd6 81. Bf1 Kc7 82. Bg2 Kd6 83. Bd5 Kc7 84. Kxc5 1/2-1/2


[Site "https://www.chess.com"]